cohdb
Replays
Latest Replays
All Replays
Popular Replays
Top Player Replays
Match Explorer
How It Works
Community
CoH3 Stats
Reddit
Sign in to upload your games and track your stats! →
Sign in with Steam
Match 44275618
Unlisted
Match 44275618
Overview
Messages
Build Orders
End
Kradschützen Motorcycle Team
Selects Panzerjäger Kommand Battlegroup
Selects Blockade Equipment
250 Light Carrier
Panzerpioneer Squad
Panzerpioneer Squad
250 Light Carrier
Panzerpioneer Squad
Selects GrB 39 Grenade Launcher Requisition
Construct Light Support Kompanie
Combat Half-tracks
Panzerpioneer Squad
Selects Defensive Positions
Panzerjäger Mechanized Group
Fire Support Elements
MG34 Team
Flakvierling Half-track
Vehicle Survival Package
Construct Panzerarmee Kommand
Panzerpioneer Squad
Panzerpioneer Squad
Selects Butterfly Bomb Drop
Butterfly Bomb Drop
Panzerpioneer Squad
Walking Stuka Rocket Launcher
Armored Reserves
Emergency Repair Kits
Selects Crew Shock Tactics
Butterfly Bomb Drop
Panzer IV Assault Group
Selects Crew Shock Tactics
Rapid Advance
Butterfly Bomb Drop
Veteran Squad Leaders
Advanced Optics
Selects Anti-tank Overwatch
AI Takeover
1136234805
INTEL
Silver
SMOKO
bobr
Gwangju's Hero Chun Doo-gwang
0
0
Comments
sign in to comment!
No comments posted yet!